Map: Acropolis LE

Players

Mez

  • Race: Terran Terran
  • League: Master
  • Spawn Location: 5:00

HelloThere - Winner!

  • Race: Terran Terran
  • League: Master
  • Spawn Location: 11:00

VOD

Have the link to the VOD?

Description

Time

  • Played on: Aug. 10, 2019, 12:07 p.m.
  • Length: 6:46
Show
View Real Time Build Order
Export as new Build Order

Mez Terran 

Build Orders: Reaper Expand 

Get SALT Encoding   

  12  0:00  SCV  
  13  0:13  SCV  
  14  0:17  Supply Depot  
  14  0:25  SCV  
  15  0:38  SCV  
  15  0:41  Barracks  
  16  0:45  Refinery  
  16  0:50  SCV  
  17  1:02  SCV  
  18  1:15  SCV  
  19  1:29  Reaper, Orbital Command  
  20  1:40  Command Center  
  20  1:51  Supply Depot  
  20  1:56  SCV  
  20  2:01  Marine  
  22  2:07  Factory  
  22  2:10  SCV  
  22  2:14  Refinery  
  23  2:23  Barracks Reactor  
  23  2:25  Bunker  
  23  2:28  SCV  
  24  2:40  SCV  
  24  2:55  Hellion  
  24  2:57  Orbital Command  
  26  2:59  Starport  
  26  3:01  SCV, Marine  
  26  3:04  Marine  
  29  3:13  SCV  
  29  3:17  Factory Tech Lab  
  29  3:19  Marine  
  31  3:22  Marine  
  31  3:25  SCV  
  33  3:27  SCV  
  34  3:36  Cyclone  
  34  3:37  SCV, Starport Tech Lab  
  34  3:39  SCV, Marine x2  
  41  3:44  Supply Depot  
  41  3:49  SCV  
  41  3:51  SCV  
  41  3:55  Refinery  
  43  3:56  Raven  
  43  3:59  Marine  
  46  4:05  Marine  
  46  4:07  SCV x2  
  49  4:11  Supply Depot  
  49  4:17  Siege Tank, Marine  
  49  4:19  SCV  
  49  4:23  Supply Depot  
  54  4:32  Marine  
  54  4:33  SCV  
  54  4:34  SCV  
  54  4:38  Supply Depot  
  57  4:39  Marine  
  57  4:42  Raven  
  57  4:45  SCV  
  61  4:46  SCV  
  61  4:47  Supply Depot  
  62  4:57  SCV  
  62  4:58  Command Center  
  62  4:59  Siege Tank  
  66  5:06  Marine x2  
  68  5:08  SCV  
  68  5:09  SCV  
  70  5:17  Barracks, Supply Depot  
  70  5:18  Barracks  
  70  5:21  SCV x2  
  71  5:25  Refinery  
  71  5:27  Raven  
  74  5:33  SCV x2, Marine x2  
  78  5:39  Engineering Bay  
  78  5:42  Engineering Bay  
  78  5:49  SCV x2  
  80  5:53  Supply Depot  
  80  6:01  SCV x2  
  80  6:03  Barracks  
  82  6:04  Barracks  
  82  6:07  Barracks Reactor x2  
  82  6:20  SCV x2  
  82  6:21  Orbital Command  
Show
View Real Time Build Order
Export as new Build Order

HelloThere Terran - Winner!

Build Orders:  

Get SALT Encoding   

  12  0:00  SCV  
  13  0:13  SCV  
  14  0:18  Supply Depot  
  14  0:25  SCV  
  15  0:32  Refinery  
  15  0:40  SCV  
  16  0:45  Barracks  
  16  0:52  SCV  
  16  0:55  Refinery  
  17  1:04  SCV  
  18  1:16  SCV  
  19  1:32  Orbital Command  
  19  1:35  Factory  
  19  1:39  Reaper  
  20  1:51  Supply Depot  
  20  1:57  SCV  
  21  2:10  SCV  
  21  2:12  Reaper  
  23  2:22  Hellion  
  24  2:23  SCV  
  25  2:34  Command Center  
  25  2:37  SCV  
  26  2:45  Hellion  
  27  2:53  Reaper  
  27  2:54  SCV  
  29  3:00  Supply Depot  
  29  3:04  Starport  
  29  3:07  SCV  
  29  3:09  Factory Tech Lab  
  30  3:19  SCV  
  31  3:29  Cyclone, Barracks Tech Lab  
  31  3:31  SCV  
  35  3:42  Refinery  
  35  3:43  SCV  
  35  3:46  Orbital Command  
  36  3:55  Raven, SCV  
  39  4:07  SCV  
  39  4:09  Siege Tank  
  43  4:13  SCV  
  43  4:14  Barracks Reactor  
  44  4:21  SCV, Supply Depot  
  45  4:27  SCV  
  46  4:33  SCV  
  47  4:40  Raven  
  47  4:41  SCV  
  50  4:49  SCV  
  51  4:53  Supply Depot  
  51  4:54  Siege Tank, Marine  
  51  4:55  Marine  
  51  4:56  SCV  
  57  5:00  Command Center  
  57  5:05  SCV  
  58  5:08  SCV  
  58  5:14  Marine x2  
  59  5:16  Refinery  
  59  5:17  SCV  
  59  5:20  SCV  
  63  5:23  Raven  
  65  5:29  SCV  
  65  5:33  Supply Depot  
  65  5:34  Siege Tank, SCV, Supply Depot  
  70  5:46  SCV, Marine x2  
  69  6:08  SCV  
  69  6:09  Siege Tank  
  72  6:12  SCV  
  72  6:15  Orbital Command  
  73  6:20  SCV  
Tags
 
Add a new tag
Caveats
  • Supply blocks, unpowered buildings, or Contaminate may cause inaccurate times.
  • Supply counts are checked every 10 seconds.